 Dungeon Sprint DCSS version 0.29.1-4-g47bece8355 (webtiles) character file.

Game seed: 18134888123781359762

630 boopmooplesden the Basher (level 7, -2/74 HPs)
             Began as a Minotaur Berserker on Dec 5, 2022.
             Was an Elder of Trog.
             Slain by a neqoxec (12 damage)
             ... in the Dungeon (Sprint II: "The Violet Keep of Menkaure").
             The game lasted 00:00:44 (306 turns).

boopmooplesden the Basher (Minotaur Berserker)       Turns: 306, Time: 00:00:44

Health: -2/74      AC:  2    Str: 20    XL:     7   Next: 24%
Magic:  6/6        EV: 13    Int:  4    God:    Trog [****..]
Gold:   486        SH:  0    Dex:  9    Spells: 6/6 levels left

rFire   . . .      SeeInvis .   a - +0 mace
rCold   . . .      Faith    .   (no shield)
rNeg    . . .      Spirit   .   b - +0 animal skin
rPois   .          Reflect  .   (helmet restricted)
rElec   .          Harm     .   (no cloak)
rCorr   .          Rampage  .   (no gloves)
Will    .....      NoTele   +   (no boots)
Stlth   +.........              (no amulet)
HPRegen 0.00/turn               (no ring)
MPRegen 0.10/turn               (no ring)

@: on berserk cooldown, inhibited regen, slowed, lost intelligence, unable to
read, very slow
A: horns 2, retaliatory headbutt, deterioration 1, inhibited regeneration, weak
2
a: Renounce Religion, Berserk, Trog's Hand, Brothers in Arms


You were in the Dungeon.
You worshipped Trog.
Trog was greatly pleased with you.
You visited 1 branch You collected 486 gold pieces.

Inventory:

Hand Weapons
 a - a +0 mace (weapon)
Armour
 b - a +0 animal skin (worn)
Scrolls
 h - a scroll of blinking
Potions
 c - a potion of curing
 e - a potion of haste
 f - 2 potions of magic
 g - a potion of berserk rage


   Skills:
 + Level 11.5 Fighting
 + Level 13.2 Maces & Flails
 + Level 5.8 Armour
 + Level 6.0 Dodging
 + Level 1.4 Stealth


You had 6 spell levels left.
You didn't know any spells.
Your spell library was empty.

Dungeon Overview and Level Annotations

Branches:
Dungeon (1/1)

Altars:


Innate Abilities, Weirdness & Mutations

You have a pair of horns on your head.
You reflexively headbutt those who attack you in melee.
Your body sometimes deteriorates upon taking damage.
You do not regenerate when monsters are visible.
You are very weak. (Str -4)


Message History

Your Maces & Flails skill increases to level 12!
The neqoxec hits you!
* * * LOW HITPOINT WARNING * * *
The neqoxec barely misses you.
You hit the neqoxec. Your headbutt misses the neqoxec.
The neqoxec is heavily wounded.
The neqoxec gestures at you.
Strange energies course through your body.
You feel weaker.
You sock the neqoxec!
The neqoxec is severely wounded.
The neqoxec hits you!
* * * LOW HITPOINT WARNING * * *
You hit the neqoxec.
The neqoxec is almost dead.
The neqoxec closely misses you. You furiously retaliate!
You headbutt the neqoxec. You sock the neqoxec!
You kill the neqoxec!
Trog accepts your kill.
You can now call in reinforcements.
The neqoxec gestures at you.
Something tries to feed on your intellect!
Your Maces & Flails skill increases to level 13!
Your Dodging skill increases to level 6!
You have reached level 7!
You feel much better. The neqoxec hits you.
* * * LOW HITPOINT WARNING * * *
You barely miss the neqoxec. You headbutt the neqoxec!
The neqoxec is lightly wounded.
The neqoxec gestures at you.
Strange energies course through your body.
You feel yourself wasting away.
You closely miss the neqoxec. You headbutt the neqoxec!
The neqoxec is heavily wounded.
The neqoxec hits you!
* * * LOW HITPOINT WARNING * * *
You hit the neqoxec.
The neqoxec is severely wounded.
The neqoxec hits you!
You die...

##...##
#..#..#
##.#.####
##†###.##
##.##...#
+.<.'##.+
##.##.###
##'###.#
##@######
#3##..#
##.33#
##'## ~~~
#+++ z.
.° §..


You could see a neqoxec.

Vanquished Creatures
  3 neqoxecs (D)
  4 necrophages (D)
  3 worms (D)
10 creatures vanquished.

Notes
Turn   | Place    | Note
-------+----------+-------------------------------------------
     0 | D        | boopmooplesden the Minotaur Berserker began the quest for
                  | the Orb.
     0 | D        | Reached XP level 1. HP: 19/19 MP: 0/0
     8 | D        | Reached skill level 4 in Maces & Flails
    12 | D        | Reached ** piety under Trog
    13 | D        | Reached XP level 2. HP: 28/28 MP: 1/1
   107 | D        | Noticed a necrophage
   107 | D        | Noticed a necrophage
   107 | D        | Noticed a necrophage
   107 | D        | Noticed a necrophage
   110 | D        | Killed a necrophage
   111 | D        | Reached skill level 7 in Maces & Flails
   111 | D        | Reached XP level 3. HP: 38/38 MP: 2/2
   111 | D        | Reached XP level 4. HP: 45/45 MP: 3/3
   115 | D        | Killed a necrophage
   116 | D        | Reached skill level 8 in Maces & Flails
   117 | D        | Killed a necrophage
   118 | D        | Reached skill level 9 in Maces & Flails
   118 | D        | Reached XP level 5. HP: 56/56 MP: 4/4
   121 | D        | Reached *** piety under Trog
   122 | D        | Reached skill level 10 in Maces & Flails
   122 | D        | Reached skill level 5 in Armour
   275 | D        | Noticed a neqoxec
   280 | D        | Killed a neqoxec
   281 | D        | Reached skill level 10 in Fighting
   281 | D        | Reached skill level 11 in Maces & Flails
   281 | D        | Reached skill level 5 in Dodging
   281 | D        | Reached skill level 1 in Stealth
   281 | D        | Reached XP level 6. HP: 67/67 MP: 5/5
   283 | D        | Noticed a neqoxec
   283 | D        | Noticed a neqoxec
   283 | D        | Noticed a neqoxec
   284 | D        | Noticed a flying skull
   287 | D        | Lost intelligence.
   287 | D        | Gained mutation: You do not regenerate when monsters are
                  | visible. [a neqoxec]
   293 | D        | Gained mutation: You are weak. (Str -2) [a neqoxec]
   297 | D        | Killed a neqoxec
   298 | D        | Reached skill level 12 in Maces & Flails
   299 | D        | Gained mutation: You are very weak. (Str -4) [a neqoxec]
   302 | D        | Killed a neqoxec
   302 | D        | Reached **** piety under Trog
   303 | D        | Reached skill level 13 in Maces & Flails
   303 | D        | Reached XP level 7. HP: 5/74 MP: 6/6
   304 | D        | Gained mutation: Your body sometimes deteriorates upon
                  | taking damage. [a neqoxec]
   306 | D        | Slain by a neqoxec

Illustrated notes

Levels and vault maps discovered:
D:        the_violet_keep_of_menkaure [sprint2_stairs_cluster_1,
          sprint2_shoproom, sprint2_temple, sprint2_basic_supplies,
          sprint2_obstacle_1, sprint2_obstacle_5, sprint2_obstacle_6,
          sprint2_obstacle_4, sprint2_obstacle_2, sprint2_timed_cluster_1,
          sprint2_smallroom_cluster_1, sprint2_smallroom_final_cluster_1,
          sprint2_transparent_cluster_1, sprint2_second_timed_cluster_1,
          sprint2_sniper_area_1, sprint2_heavy_combat_area_1,
          sprint2_mutation_trap_area_1, sprint2_forest_area_1,
          sprint2_light_combat_area_1, sprint2_behind_water_1,
          sprint2_near_end_vault_1]

Skill      XL: |  1  2  3  4  5  6 |
---------------+-------------------+-----
Fighting       | 4 6 8 10 11 | 11.5
Maces & Flails | 4 7 9 11 13 | 13.2
Armour         | 3 4 5 |  5.8
Dodging        | 3 4 5 6 |  6.0
Stealth        | 1 |  1.4

Action                   |  1- 3 |  4- 6 |  7- 9 || total
-------------------------+-------+-------+-------++-------
Melee: Mace              |     8 |    26 |     3 ||    37
       Headbutt          |       |     5 |     2 ||     7
Invok: Berserk           |     2 |     1 |       ||     3
  Use: Potion            |       |       |     1 ||     1
Dodge: Dodged            |     3 |    10 |       ||    13
